 Dungeon Crawl Stone Soup version 0.29-a0-643-ga013cefcf8 (webtiles) character file.

Game seed: 1983955440041725353

921 spaghetti the Spear-Bearer (level 8, -1/60 HPs)
             Began as a Gnoll Wanderer on June 19, 2022.
             Killed by divine providence
             ... invoked by an orc priest
              (16 damage)
             ... on level 5 of the Dungeon.
             The game lasted 00:07:23 (4997 turns).

spaghetti the Spear-Bearer (Gnoll Wanderer)         Turns: 4997, Time: 00:07:23

Health: -1/60      AC:  6    Str: 25    XL:     8   Next: 10%
Magic:  12/12      EV: 13    Int: 10    God:
Gold:   201        SH:  0    Dex: 10    Spells: 13/13 levels left

rFire   . . .      SeeInvis .   G - +2 dagger (venom) {short}
rCold   . . .      Faith    .   (no shield)
rNeg    . . .      Spirit   .   e - +0 leather armour
rPois   .          Reflect  .   (no helmet)
rElec   .          Harm     .   E - +0 cloak
rCorr   .          Rampage  .   c - +1 pair of gloves
Will    .....                   (no boots)
Stlth   ++........              (no amulet)
HPRegen 0.20/turn               s - +6 ring of strength
MPRegen 0.13/turn               (no ring)

@: about to teleport
A: fangs 1, strong nose, distributed training, strong 1, wild magic 1
a: no special abilities


You were on level 5 of the Dungeon.
You visited 1 branch of the dungeon, and saw 5 of its levels.

You collected 201 gold pieces.


Innate Abilities, Weirdness & Mutations

You have very sharp teeth.
Your uncanny sense of smell can sniff out nearby items.
Your experience applies equally to all skills.
Your muscles are strong. (Str +4, Int/Dex-1)
Your spells are a little harder to cast, but a little more powerful.


   Skills:
 + Level 4.0 Fighting
 + Level 3.0 Short Blades
 + Level 3.0 Long Blades
 + Level 3.0 Axes
 + Level 3.0 Maces & Flails
 + Level 10.8 Polearms
 + Level 3.0 Staves
 + Level 3.0 Slings
 + Level 3.0 Bows
 + Level 3.0 Crossbows
 + Level 3.0 Throwing
 + Level 3.0 Armour
 + Level 5.5 Dodging
 + Level 3.8 Stealth
 + Level 3.0 Shields
 + Level 3.0 Unarmed Combat
 + Level 3.0 Spellcasting
 + Level 2.4 Conjurations
 + Level 2.4 Hexes
 + Level 2.4 Summonings
 + Level 2.4 Necromancy
 + Level 2.4 Translocations
 + Level 2.4 Transmutations
 + Level 2.4 Fire Magic
 + Level 2.4 Ice Magic
 + Level 2.4 Air Magic
 + Level 2.4 Earth Magic
 + Level 2.4 Poison Magic
 + Level 3.2 Invocations
 + Level 4.0 Evocations


You had 13 spell levels left.
You didn't know any spells.
Your spell library contained the following spells:

 Spells                   Type           Power      Damage    Failure   Level
 Apportation              Tloc           16%        N/A       17%         1
 Necrotize                Necr           32%        1d5       17%         1
 Summon Small Mammal      Summ           32%        N/A       17%         1
 Scorch                   Fire           16%        2d6       26%         2
 Flame Wave               Conj/Fire      8%         2d5       82%         4
 Summon Cactus Giant      Summ           4%         N/A       100%        6

Inventory:

Hand Weapons
 a - a +2 spear {polearm}
 f - a +1 short sword of electrocution {short}
   (You took it off an orc priest on level 3 of the Dungeon)
 o - a +1 vorpal spear {polearm}
   (You found it on level 2 of the Dungeon)
 v - a +2 dagger of speed {short}
   (You took it off an orc on level 3 of the Dungeon)
 G - a +2 dagger of venom (weapon) {short}
   (You took it off an orc on level 5 of the Dungeon)
Missiles
 g - 20 stones {throwing}
 i - 7 poisoned darts (quivered) {throwing}
 y - 2 boomerangs {throwing}
 A - 3 javelins {throwing}
Armour
 c - a +1 pair of gloves (worn)
 e - a +0 leather armour (worn)
 E - a +0 cloak (worn)
   (You found it on level 5 of the Dungeon)
Jewellery
 s - a +6 ring of strength (left hand)
   (You found it on level 3 of the Dungeon)
Wands
 q - a wand of flame (15)
   (You took it off Natasha on level 4 of the Dungeon)
 B - a wand of digging (5)
   (You found it on level 4 of the Dungeon)
Scrolls
 w - 3 scrolls of immolation {!r!r}
 z - a scroll of noise {!r}
 F - a scroll of enchant weapon {unknown}
Potions
 b - a potion of mutation {!q}
 d - 2 potions of curing {@q1}
 j - 2 potions of flight
 k - 2 potions of berserk rage {unknown}
 l - 2 potions of might {unknown}
 m - 2 potions of degeneration {unknown}
 n - 2 potions of attraction {unknown}
 p - 2 potions of resistance {unknown}
 r - a potion of invisibility {unknown}
 t - a potion of ambrosia {unknown}
 u - a potion of heal wounds {unknown}
 x - a potion of haste {unknown}
 C - a potion of lignification {unknown}
 D - a potion of magic {unknown}

Dungeon Overview and Level Annotations

Branches:
Dungeon (5/15) Zot: 25155
 Temple: D:4-7

Altars:
Gozag
Okawaru
Sif Muna

Shops:
D:1 :   D:4 [

Annotations:
D:4 3 runed translucent doors, Dordric's ghost, amateur FoHu
D:5 Edmund

##########
#.........
#.########
#######.## #######
.........###.....#
#######.......##.#
#######.####..##.#
#.......# #..##@#
#.#####.# #..##@#
#.#####.####..##o#
#.##...........ooS
#.##............oo
..##.##.#..........
..........## ..##.
......##### ##. .#
..#...#


You could see Edmund, 2 orc priests, an adder and 3 orcs.


Message History

An orc comes into view. It is wielding a +0 war axe. 😕 HP[-2]
You take 2 damage, and now have 58/60 hp.
Unknown command.
Unknown command.
Unknown command.
You hit the orc wizard.
The orc wizard is poisoned.
You feel sick.
The orc wizard hits you with a +1 dagger of venom.
You are more poisoned.
An orc priest comes into view. It is wielding a +0 mace. 😕 HP[-3]
You take 3 damage, and now have 55/60 hp.
Unknown command.
You barely miss the orc wizard.
You bite the orc wizard, but do no damage.
You feel very sick. 😕 HP[-2]
You take 2 damage, and now have 53/60 hp.
You hit the orc wizard but do no damage.
Your bite misses the orc wizard.
You feel sick.
An orc priest comes into view. It is wielding a +0 trident.
The orc wizard misses you. 😕 HP[-2]
You take 2 damage, and now have 51/60 hp.
Unknown command.
Unknown command.
The orc priest shouts!
You hit the orc wizard.
The orc wizard looks as sick as possible!
You feel sick.
An orc comes into view. It is wielding a +0 mace.
The orc wizard barely misses you.
An orc priest comes into view. It is wielding a +0 dagger. 😕 HP[-2]
You take 2 damage, and now have 49/60 hp.
You closely miss the orc wizard. Your bite misses the orc wizard.
You feel sick. The orc wizard barely misses you.
An adder comes into view. 😕 HP[-2]
You take 2 damage, and now have 47/60 hp.
You closely miss the orc wizard.
You feel sick.
The orc wizard hits you with a +1 dagger of venom.
You are more poisoned. 😮 HP[-3]
You take 3 damage, and now have 44/60 hp.
Unknown command.
You closely miss the orc wizard. Your bite misses the orc wizard.
You feel very sick.
The orc wizard hits you with a +1 dagger of venom.
You are more poisoned. 😮 HP[-5]
You take 5 damage, and now have 39/60 hp.
Unknown command.
Unknown command.
You feel better.
The orc wizard closely misses you. 😕 HP[+12]
You regained 12 hp, and now have 51/60 hp.
Okay, then.
Okay, then.
You hit the orc wizard.
You kill the orc wizard!
The orc priest begins to cast a cantrip, but forgets the words!
Your Fighting skill increases to level 4!
Your Short Blades skill increases to level 3!
Your Long Blades skill increases to level 3!
Your Axes skill increases to level 3!
Your Maces & Flails skill increases to level 3!
Your Staves skill increases to level 3!
Your Slings skill increases to level 3!
Your Bows skill increases to level 3!
Your Crossbows skill increases to level 3!
Your Throwing skill increases to level 3!
Your Armour skill increases to level 3!
Your Shields skill increases to level 3!
Your Unarmed Combat skill increases to level 3!
Your Spellcasting skill increases to level 3!
Your Evocations skill increases to level 4!
You closely miss Edmund. You bite Edmund, but do no damage.
You barely miss Edmund. Edmund completely misses you.
The orc priest mumbles some strange prayers to Beogh against you.
Beogh smites you! 😮 HP[-13]
You take 13 damage, and now have 38/60 hp.
MASSIVE DAMAGE!! (PAUSE) Unknown command.
You hit Edmund but do no damage.
Edmund hits you with a +1 dire flail of protection!
* * * LOW HITPOINT WARNING * * *
The orc priest invokes the aid of Beogh against you.
Beogh smites you!
* * * LOW HITPOINT WARNING * * *
😱 HP[-24]
You take 24 damage, and now have 14/60 hp.
MASSIVE DAMAGE!! (PAUSE) Unknown command.
As you read the scroll labelled VAANUA GUOXESU, it crumbles to dust.
You feel strangely unstable.
It was a scroll of teleportation.
Edmund completely misses you.
The orc priest mumbles some strange prayers to Beogh against you.
Beogh smites you!
You die...

Skill      XL: |  1  2  3  4  5  6  7  8 |
---------------+-------------------------+-----
Polearms       | | 10.8
Invocations    | 1 2 3 |  3.2
Short Blades   | 1 2 3 |  3.0
Long Blades    | 1 2 3 |  3.0
Axes           | 1 2 3 |  3.0
Maces & Flails | 1 2 3 |  3.0
Staves         | 1 2 3 |  3.0
Slings         | 1 2 3 |  3.0
Bows           | 1 2 3 |  3.0
Crossbows      | 1 2 3 |  3.0
Throwing       | 1 2 3 |  3.0
Armour         | 1 2 3 |  3.0
Shields        | 1 2 3 |  3.0
Unarmed Combat | 1 2 3 |  3.0
Spellcasting   | 1 2 3 |  3.0
Conjurations   | 1 2 |  2.4
Hexes          | 1 2 |  2.4
Summonings     | 1 2 |  2.4
Necromancy     | 1 2 |  2.4
Translocations | 1 2 |  2.4
Transmutations | 1 2 |  2.4
Fire Magic     | 1 2 |  2.4
Ice Magic      | 1 2 |  2.4
Air Magic      | 1 2 |  2.4
Earth Magic    | 1 2 |  2.4
Poison Magic   | 1 2 |  2.4
Fighting       | 3 4 |  4.0
Evocations     | 3 4 |  4.0
Stealth        | 3 |  3.8
Dodging        | 5 |  5.5

Action                   |  1- 3 |  4- 6 |  7- 9 || total
-------------------------+-------+-------+-------++-------
Melee: Spear             |   125 |   155 |   170 ||   450
       Bite              |    10 |    21 |    19 ||    50
       Punch             |       |     1 |     2 ||     3
       Dagger            |       |       |    17 ||    17
Throw: Dart              |     4 |       |     1 ||     5
       Stone             |     1 |       |       ||     1
       Javelin           |       |       |     2 ||     2
  Use: Scroll            |       |     7 |     3 ||    10
       Potion            |       |     2 |     1 ||     3
 Stab: Sleeping          |     3 |     6 |     5 ||    14
Armor: Leather armour    |    15 |    14 |    24 ||    53
Dodge: Dodged            |    39 |    55 |    77 ||   171

Levels and vault maps discovered:
D:1:      heliophobic_arrival_enchanted_forest, layout_loops_ring,
          chequers_ecumenical_altar_simple_redux, serial_shops, shop,
          minmay_hexomino_u4
D:2:      layout_basic, kennysheep_crisscross
D:3:      layout_rooms, mainiacjoe_overflow_tiny_flanked,
          mainiacjoe_overflow_24_doors
D:4:      minmay_evil_eye, layout_cave_pools, serial_shops, kennysheep_mini,
          gup_sewer_entry_spiral, ebering_ghost_gozag, uniq_blork_the_orc,
          uniq_natasha
D:5:      layout_loops_ring, uniq_edmund

Notes
Turn   | Place    | Note
-------+----------+-------------------------------------------
     0 | D:1      | Reached skill level 10 in Polearms
     0 | D:1      | spaghetti the Gnoll Wanderer began the quest for the Orb.
     0 | D:1      | spaghetti set off with the following items: a +2 spear
                  | {polearm}, a potion of mutation {!q}, a +0 pair of gloves,
                  | a potion of curing {@q1}, a +0 leather armour.
     0 | D:1      | Reached XP level 1. HP: 17/17 MP: 1/1
     0 | D:1      | magus.rc [v1.9.6]
    43 | D:1      | Found Duklucvuguo's Book Emporium.
    63 | D:1      | Found a faded altar of an unknown god.
   139 | D:1      | Reached XP level 2. HP: 22/23 MP: 2/2
   679 | D:1      | Reached XP level 3. HP: 28/28 MP: 3/3
   891 | D:2      | Reached skill level 1 in Invocations
  1053 | D:2      | Reached skill level 1 in Short Blades
  1053 | D:2      | Reached skill level 1 in Long Blades
  1053 | D:2      | Reached skill level 1 in Axes
  1053 | D:2      | Reached skill level 1 in Maces & Flails
  1053 | D:2      | Reached skill level 1 in Staves
  1053 | D:2      | Reached skill level 1 in Slings
  1053 | D:2      | Reached skill level 1 in Bows
  1053 | D:2      | Reached skill level 1 in Crossbows
  1053 | D:2      | Reached skill level 1 in Throwing
  1053 | D:2      | Reached skill level 1 in Armour
  1053 | D:2      | Reached skill level 1 in Shields
  1053 | D:2      | Reached skill level 1 in Unarmed Combat
  1053 | D:2      | Reached skill level 1 in Spellcasting
  1053 | D:2      | Reached XP level 4. HP: 30/34 MP: 5/5
  1446 | D:2      | Noticed a necrophage
  1456 | D:2      | Killed a necrophage
  1457 | D:2      | Reached skill level 1 in Conjurations
  1457 | D:2      | Reached skill level 1 in Hexes
  1457 | D:2      | Reached skill level 1 in Summonings
  1457 | D:2      | Reached skill level 1 in Necromancy
  1457 | D:2      | Reached skill level 1 in Translocations
  1457 | D:2      | Reached skill level 1 in Transmutations
  1457 | D:2      | Reached skill level 1 in Fire Magic
  1457 | D:2      | Reached skill level 1 in Ice Magic
  1457 | D:2      | Reached skill level 1 in Air Magic
  1457 | D:2      | Reached skill level 1 in Earth Magic
  1457 | D:2      | Reached skill level 1 in Poison Magic
  1457 | D:2      | Reached XP level 5. HP: 28/40 MP: 5/7
  1890 | D:3      | Reached skill level 3 in Fighting
  1890 | D:3      | Reached skill level 3 in Evocations
  1917 | D:3      | Found a shimmering blue altar of Sif Muna.
  2001 | D:3      | You pick up a book of Scorching and begin reading...
  2001 | D:3      | You add the spells Scorch, Flame Wave and Summon Cactus
                  | Giant to your library.
  2092 | D:3      | Found an iron altar of Okawaru.
  2312 | D:3      | You pick up a book of Cantrips and begin reading...
  2312 | D:3      | You add the spells Necrotize, Summon Small Mammal and
                  | Apportation to your library.
  2441 | D:4      | Noticed Natasha
  2686 | D:2      | Gained mutation: Your spells are a little harder to cast,
                  | but a little more powerful. [potion of mutation]
  2686 | D:2      | Gained mutation: Your muscles are strong. (Str +4,
                  | Int/Dex-1) [potion of mutation]
  2895 | D:3      | Reached skill level 3 in Stealth
  2895 | D:3      | Reached skill level 2 in Invocations
  2895 | D:3      | Reached XP level 6. HP: 25/47 MP: 8/8
  3116 | D:4      | Killed Natasha
  3117 | D:4      | Reached skill level 2 in Short Blades
  3117 | D:4      | Reached skill level 2 in Long Blades
  3117 | D:4      | Reached skill level 2 in Axes
  3117 | D:4      | Reached skill level 2 in Maces & Flails
  3117 | D:4      | Reached skill level 2 in Staves
  3117 | D:4      | Reached skill level 2 in Slings
  3117 | D:4      | Reached skill level 2 in Bows
  3117 | D:4      | Reached skill level 2 in Crossbows
  3117 | D:4      | Reached skill level 2 in Throwing
  3117 | D:4      | Reached skill level 2 in Armour
  3117 | D:4      | Reached skill level 5 in Dodging
  3117 | D:4      | Reached skill level 2 in Shields
  3117 | D:4      | Reached skill level 2 in Unarmed Combat
  3117 | D:4      | Reached skill level 2 in Spellcasting
  3172 | D:4      | Reached XP level 7. HP: 43/52 MP: 10/10
  3245 | D:4      | Noticed Natasha
  3255 | D:4      | Killed Natasha
  3436 | D:4      | Noticed Blork the orc
  3449 | D:4      | Killed Blork the orc
  3450 | D:4      | Reached skill level 2 in Conjurations
  3450 | D:4      | Reached skill level 2 in Hexes
  3450 | D:4      | Reached skill level 2 in Summonings
  3450 | D:4      | Reached skill level 2 in Necromancy
  3450 | D:4      | Reached skill level 2 in Translocations
  3450 | D:4      | Reached skill level 2 in Transmutations
  3450 | D:4      | Reached skill level 2 in Fire Magic
  3450 | D:4      | Reached skill level 2 in Ice Magic
  3450 | D:4      | Reached skill level 2 in Air Magic
  3450 | D:4      | Reached skill level 2 in Earth Magic
  3450 | D:4      | Reached skill level 2 in Poison Magic
  3657 | D:4      | Noticed Natasha
  3665 | D:4      | Killed Natasha
  3993 | D:4      | Found a runed translucent gate.
  3993 | D:4      | Found a runed translucent gate.
  3993 | D:4      | Found a runed translucent gate.
  4052 | D:4      | Found an opulent altar of Gozag.
  4055 | D:4      | Noticed Dordric's ghost (amateur FoHu)
  4219 | D:4      | Reached skill level 3 in Invocations
  4230 | D:4      | Found Vathaxt's Armour Emporium.
  4490 | D:5      | Entered Level 5 of the Dungeon
  4651 | D:5      | Reached XP level 8. HP: 40/60 MP: 12/12
  4983 | D:5      | Noticed Edmund
  4994 | D:5      | Reached skill level 4 in Fighting
  4994 | D:5      | Reached skill level 3 in Short Blades
  4994 | D:5      | Reached skill level 3 in Long Blades
  4994 | D:5      | Reached skill level 3 in Axes
  4994 | D:5      | Reached skill level 3 in Maces & Flails
  4994 | D:5      | Reached skill level 3 in Staves
  4994 | D:5      | Reached skill level 3 in Slings
  4994 | D:5      | Reached skill level 3 in Bows
  4994 | D:5      | Reached skill level 3 in Crossbows
  4994 | D:5      | Reached skill level 3 in Throwing
  4994 | D:5      | Reached skill level 3 in Armour
  4994 | D:5      | Reached skill level 3 in Shields
  4994 | D:5      | Reached skill level 3 in Unarmed Combat
  4994 | D:5      | Reached skill level 3 in Spellcasting
  4994 | D:5      | Reached skill level 4 in Evocations
  4996 | D:5      | HP: 14/60 [orc priest/divine providence (14)]
  4997 | D:5      | Killed from afar by an orc priest

Vanquished Creatures
  A phantom (D:4)
  Blork the orc (D:4)
  A necrophage (D:2)
  2 scorpions
  A hound (D:4)
  2 orc priests
  Natasha (thrice) (D:4)
  4 orc wizards
  3 iguanas
  12 adders
  A river rat (D:4)
  A shadow imp (D:5)
  A white imp (D:5)
  6 worms
  2 dart slugs (D:3)
  9 orcs
  12 endoplasms
  5 giant cockroaches
  2 goblins (D:1)
  5 hobgoblins
  9 jackals
  7 quokkas
  8 ball pythons
  6 bats
  3 frilled lizards (D:1)
  6 kobolds
  9 rats
122 creatures vanquished.

Table legend:
 A = Non-vault XP
 B = Vault XP
 C = Vault XP percentage of total XP
 D = Non-vault monster count
 E = Vault monster count
 F = Vault count percentage of total count
                 A         B        C        D         E       F
            +---------+---------+-------+---------+---------+-------
      Total |    1093 |     223 |  16.9 |     106 |      16 |  13.1
            +---------+---------+-------+---------+---------+-------
        D:1 |      30 |       6 |  16.7 |      20 |       4 |  16.7
        D:2 |     179 |       0 |   0.0 |      24 |       0 |   0.0
        D:3 |     195 |       0 |   0.0 |      26 |       0 |   0.0
        D:4 |     442 |     217 |  32.9 |      25 |      12 |  32.4
        D:5 |     247 |       0 |   0.0 |      11 |       0 |   0.0
            +---------+---------+-------+---------+---------+-------

Illustrated notes

Table legend:
 A = Kills in this place as a percentage of kills in entire the game.
 B = Kills by you in this place as a percentage of kills by you in the entire game.
 C = Kills by friends in this place as a percentage of kills by friends in the entire game.
 D = Other kills in this place as a percentage of other kills in the entire game.
 E = Experience gained in this place as a percentage of experience gained in the entire game.
 F = Experience gained in this place divided by the number of levels of this place that you have seen.
                   A       B       C       D       E      F
               +-------+-------+-------+-------+-------+----------------------
         Total | 100.0 | 100.0 |   N/A |   N/A | 100.0 | 263.2
       Dungeon | 100.0 | 100.0 |   N/A |   N/A | 100.0 | 263.2
               +-------+-------+-------+-------+-------+----------------------

Table legend: (Time is in decaauts)
 A = Elapsed time spent in this place.
 B = Non-inter-level travel time spent in this place.
 C = Inter-level travel time spent in this place.
 D = Time resting spent in this place.
 E = Time spent auto-exploring this place.
 F = Levels seen in this place.
 G = Mean time per level.
                   A        B        C        D        E       F      G
               +--------+--------+--------+--------+--------+-----+--------+
         Total |   4844 |   4710 |    134 |    618 |   3345 |   5 |  968.8 |
       Dungeon |   4844 |   4710 |    134 |    618 |   3345 |   5 |  968.8 |
               +--------+--------+--------+--------+--------+-----+--------+

Top non-repeatable levels by time:
     D:2: 1268 daAuts
     D:4: 1191 daAuts
     D:3: 1117 daAuts
     D:1: 780 daAuts
     D:5: 486 daAuts
